 Dungeon Crawl Stone Soup version 0.31-a0-232-gb1c03b2570 (webtiles) character file.

Game seed: 16254390735737339994

113 qw the Shooter (level 4, 0/26 HPs)
             Began as a Gargoyle Hexslinger on July 7, 2023.
             Slain by a bullfrog (5 damage)
             ... in a sewer.
             The game lasted 00:00:47 (1428 turns).

qw the Shooter (Gargoyle Hexslinger)                Turns: 1428, Time: 00:00:47

Health: 0/26       AC:  9    Str: 12    XL:     4   Next: 96%
Magic:  0/5        EV: 11    Int: 13    God:
Gold:   129        SH:  0    Dex: 14    Spells: 4/5 levels left

rFire   . . .        Y - +0 arbalest (drain)
rCold   . . .        (shield currently unavailable)
rNeg    + . .        e - +0 leather armour
rPois   inf          (no helmet)
rElec   +            g - +0 cloak
rCorr   .            f - +1 Delatra's gloves {ID++}
SInv    .            (no boots)
Will    .....        h - amulet of guardian spirit
Stlth   +            (no ring)
HPRegen 0.24/turn    (no ring)
MPRegen 0.09/turn

%: guardian spirit
@: no status effects
A: sickness immunity, AC +3, negative energy resistance 1, electricity
resistance, torment resistance 1, petrification resistance
a: no special abilities


You were in a sewer.
You visited 1 branch of the dungeon, and saw 3 of its levels.
You also visited: Sewer.

You collected 129 gold pieces.


Innate Abilities, Weirdness & Mutations

You are immune to sickness and miasma.
Your stone body is resilient. (AC +3)
You are immune to poison.
You resist negative energy. (rN+)
You are resistant to electric shocks. (rElec)
You are resistant to unholy torment.
You are immune to petrification.


   Skills:
 - Level 2.1 Fighting
 + Level 4.6 Ranged Weapons
 - Level 1.5 Dodging
 - Level 1.0 Spellcasting
 - Level 2.6 Hexes


You had 4 spell levels left.
You knew the following spells:

 Your Spells              Type           Power      Damage    Failure   Level
a - Slow                  Hex            28%        N/A       12%         1

Your spell library contained the following spells:

 Spells                   Type           Power      Damage    Failure   Level
 Inner Flame              Hex/Fire       4%         N/A       52%         3
 Portal Projectile        Hex/Tloc       8%         N/A       52%         3
 Cause Fear               Hex            3%         N/A       75%         4

Inventory:

Hand Weapons
 Y - a +0 arbalest of draining (weapon)
Armour
 e - a +0 leather armour (worn)
 f - the +1 Delatra's gloves (worn) {ID++}
   (You found it on level 2 of the Dungeon)

   ID++:      It heals its wearer when they drink unknown potions, and restores
   their MP when they read unknown scrolls.
 g - a +0 cloak (worn)
Jewellery
 h - an amulet of guardian spirit (around neck)
Scrolls
 a - a scroll of identify
Potions
 b - a potion of enlightenment
 i - a potion of heal wounds

Dungeon Overview and Level Annotations

Branches:
Dungeon (3/15)              Sewer (1/1)

Altars:


Message History

You shoot a bolt. The bolt hits the giant cockroach.
The giant cockroach is moderately wounded.
You shoot a bolt. The bolt hits the giant cockroach!
You kill the giant cockroach!
Found a gate leading back out of this place.
Enter note: You shoot a bolt.
The bolt hits the giant cockroach!
You kill the giant cockroach!
You enter the shallow water.
Moving in this stuff is going to be slow. 2 bullfrogs come into view.
Enter note:
Enter note: You shoot a bolt.
The bolt barely misses the bullfrog.
The bullfrog gives a loud, deep croak!
The bullfrog hits you but does no damage.
You shoot a bolt. The bolt closely misses the bullfrog.
The bullfrog hits you.
The bullfrog hits you but does no damage.
The bullfrog hits you.
The bullfrog hits you but does no damage.
You shoot a bolt. The bolt barely misses the bullfrog.
The bullfrog hits you.
The bullfrog hits you but does no damage.
The bullfrog barely misses you. x2
You shoot a bolt. The bolt closely misses the bullfrog.
The bullfrog hits you but does no damage.
The bullfrog hits you. x2; The bullfrog closely misses you.
The bullfrog barely misses you.
The bullfrog hits you but does no damage.
You shoot a bolt. The bolt hits the bullfrog.
The bullfrog is lightly wounded.
The bullfrog hits you.
The bullfrog hits you but does no damage.
The bullfrog barely misses you. x3; The bullfrog completely misses you.
You shoot a bolt. The bolt closely misses the bullfrog.
The bullfrog hits you. x2
The bullfrog hits you but does no damage.
The bullfrog hits you.
You die...

#.~~~.# ### # #.~~~~#
####~~~~~~# #
#.~~~~####~~~~~~~~~~ #
#.~~~~##~~~~~~~~~~~~ #
#~~~~~#~~~~\~~~~~~~~~~~~## #
#.~~~~~~~~~...~~.~~~~~~~~# #
#~~~~~~~~~.~~.~?$..%~~~~~# #
#~~~~~~~~~~.FF~/$/.~~~~~~# #
#~~~~~~~~~~~@~..?.~~~~~~~# #
#.~~~~~~~~~~%~~~~~~~~~~~~# #
#%~~~~~~~~~%.~~~~~~~~~~~# #
#~~~~.~~~~~~~~~~~~~~~~~~# #
#.~~~.~~~~~~~~~~~~~~~%#######
#.~~~~..~~~~~~~~~~.........~~
#.~~~~~~~~~~~%~~~~~~~~~~~~~~~
#.~~~~~~~~~~~~~~~~~~~~~~~~~~~
#..~~~~~~~~~~~~~~~~~~~~~~~~~~


You could see 2 bullfrogs.

Vanquished Creatures
  5 adders
  2 worms (D:3)
  A dart slug (D:1)
  2 bats
  2 endoplasms (D:2)
  14 giant cockroaches
  4 goblins
  A hobgoblin (D:1)
  4 quokkas
  11 ball pythons
  7 frilled lizards
  3 kobolds
  2 rats
58 creatures vanquished.

Notes
Turn   | Place    | Note
-------+----------+-------------------------------------------
     0 | D:1      | qw the Gargoyle Hexslinger began the quest for the Orb.
     0 | D:1      | Reached XP level 1. HP: 12/12 MP: 2/2
     0 | D:1      | 0 ||| qw: Version: 0.3-a-46-gb1f654a
     0 | D:1      | 0 ||| qw: Game counter: 2800
     0 | D:1      | 0 ||| qw: Melee chars always use a shield: true
     0 | D:1      | 0 ||| qw: God list: Okawaru
     0 | D:1      | 0 ||| qw: Allow faded altars: false
     0 | D:1      | 0 ||| qw: Do Orc after clearing Dungeon:15 true
     0 | D:1      | 0 ||| qw: Do second Lair branch before Depths: true
     0 | D:1      | 0 ||| qw: Lair rune preference: random
     0 | D:1      | 0 ||| qw: Goals: Normal
     0 | D:1      | 0 ||| PLANNING D:1-11
   154 | D:1      | Reached XP level 2. HP: 16/16 MP: 3/3
   231 | D:1      | Reached skill level 3 in Ranged Weapons
   469 | D:1      | 469 ||| UPGRADING to +0 leather armour.
   479 | D:1      | 479 ||| DROPPING +0 robe.
   480 | D:1      | 480 ||| UPGRADING to +0 cloak.
   485 | D:1      | 485 ||| READING 3 scrolls labelled SILUCYO GOOSM.
   486 | D:1      | 486 ||| READING scroll labelled DAHINERUEL.
   487 | D:1      | 487 ||| READING scroll labelled BUOTAZ NIGA KIR.
   490 | D:1      | 490 ||| READING scroll labelled JOHINTAG NYETZOYT.
   491 | D:1      | 491 ||| READING scroll labelled CUORPHE KUUNWY.
   492 | D:1      | 492 ||| READING 2 scrolls of identify.
   492 | D:1      | 492 ||| IDENTIFYING metallic brown potion
   493 | D:1      | 493 ||| DROPPING scroll of poison.
   521 | D:2      | Reached XP level 3. HP: 19/21 MP: 4/4
   601 | D:2      | 601 ||| SWAPPING to +0 arbalest.
   602 | D:2      | 602 ||| DROPPING +1 sling.
   700 | D:2      | Found the +1 Delatra's gloves {ID++}
  1096 | D:2      | 1096 ||| UPGRADING to +1 Delatra's gloves {ID++}.
  1101 | D:2      | 1101 ||| UPGRADING to amulet of guardian spirit.
  1106 | D:2      | 1106 ||| READING scroll labelled IFAUMM SINKI.
  1107 | D:2      | 1107 ||| DRINKING 2 glowing white potions.
  1113 | D:2      | 1113 ||| READING 2 scrolls of identify.
  1113 | D:2      | 1113 ||| IDENTIFYING grey potion
  1114 | D:2      | 1114 ||| DROPPING potion of ambrosia.
  1156 | D:3      | 1156 ||| PLANNING SEWER
  1186 | D:3      | Found a glowing drain.
  1200 | D:3      | 1200 ||| Stepping ~*~*~tactically~*~*~ (water).
  1204 | D:3      | 1204 ||| Stepping ~*~*~tactically~*~*~ (water).
  1206 | D:3      | 1206 ||| Stepping ~*~*~tactically~*~*~ (water).
  1208 | D:3      | Reached XP level 4. HP: 26/26 MP: 5/5
  1214 | Sewer    | Entered a sewer
  1257 | Sewer    | Reached skill level 4 in Ranged Weapons
  1290 | Sewer    | 1290 ||| Stepping ~*~*~tactically~*~*~ (water).
  1400 | Sewer    | 1400 ||| Stepping ~*~*~tactically~*~*~ (water).
  1422 | Sewer    | Noticed a bullfrog
  1422 | Sewer    | Noticed a bullfrog
  1428 | Sewer    | HP: 6/26 [bullfrog (4)]
  1428 | Sewer    | Slain by a bullfrog

Levels and vault maps discovered:
D:1:      dpeg_arrival_boxorama, layout_rooms
D:2:      layout_loops_cross, minmay_misc_feat_columns
D:3:      layout_rooms, cheibrodos_sewer_entry_bend, kennysheep_jessica_study,
          uniq_terence
Sewer:    sewer_frog_island_01

Skill      XL: |  1  2  3  4 |
---------------+-------------+-----
Ranged Weapons | 3 4 |  4.6
Fighting       | 2 |  2.1
Dodging        | |  1.5
Spellcasting   | |  1.0
Hexes          | |  2.6

Action                     |  1- 3 |  4- 6 || total
---------------------------+-------+-------++-------
   Fire: Sling             |    64 |       ||    64
         Arbalest          |    31 |    64 ||    95
    Use: Scroll            |     8 |       ||     8
         Potion            |     1 |       ||     1
 Armour: Robe              |     5 |       ||     5
         Leather armour    |    11 |    18 ||    29
  Dodge: Dodged            |    32 |    22 ||    54

Table legend:
 A = Non-vault XP
 B = Vault XP
 C = Vault XP percentage of total XP
 D = Non-vault monster count
 E = Vault monster count
 F = Vault count percentage of total count
                 A         B        C        D         E       F
            +---------+---------+-------+---------+---------+-------
      Total |      75 |      87 |  53.7 |      30 |      28 |  48.3
            +---------+---------+-------+---------+---------+-------
        D:1 |      23 |       0 |   0.0 |      12 |       0 |   0.0
        D:2 |      46 |       0 |   0.0 |      15 |       0 |   0.0
        D:3 |       6 |      10 |  62.5 |       3 |       2 |  40.0
      Sewer |       0 |      77 | 100.0 |       0 |      26 | 100.0
            +---------+---------+-------+---------+---------+-------
